 Dungeon Sprint DCSS version 0.29-a0-506-ga2e7fffb44 (webtiles) character file.

Game seed: 1785176181643369343

6421 mhtbhm the Severer (level 10, -4/166 HPs)
             Began as a Minotaur Berserker on May 28, 2022.
             Was the Champion of Trog.
             Slain by Dowan
             ... wielding a +1 morningstar of distortion
              (19 damage)
             ... in the Dungeon (Sprint III: "The Ten Rune Challenge").
             The game lasted 00:03:52 (2247 turns).

mhtbhm the Severer (Minotaur Berserker)             Turns: 2247, Time: 00:03:53

Health: -4/166     AC:  5    Str: 25    XL:     10   Next: 66%
Magic:  9/9        EV: 16    Int:  4    God:    Trog [******]
Gold:   1919       SH:  0    Dex: 11    Spells: 9/9 levels left

rFire   . . .      SeeInvis .   a - +3 battleaxe (vorpal)
rCold   . . .      Faith    .   (shield currently unavailable)
rNeg    . . .      Spirit   .   b - +0 animal skin
rPois   .          Reflect  .   (helmet restricted)
rElec   .          Harm     .   (no cloak)
rCorr   .          Rampage  .   (no gloves)
Will    .....      NoTele   +   r - +1 pair of boots
Stlth   ..........              (no amulet)
HPRegen 0.37/turn               (no ring)
MPRegen 0.11/turn               (no ring)

@: berserking (expiring), very quick
A: horns 2, retaliatory headbutt
a: Renounce Religion, Berserk, Trog's Hand, Brothers in Arms


You were in the Dungeon.
You worshipped Trog.
Trog was exalted by your worship.
You visited 1 branch You collected 1919 gold pieces.

Inventory:

Hand Weapons
 a - a +3 vorpal battleaxe (weapon)
Armour
 b - a +0 animal skin (worn)
 r - a +1 pair of boots (worn)
Wands
 p - a wand of iceblast (13)
Scrolls
 h - a scroll of blinking
 i - a scroll of immolation {unknown}
 j - a scroll of torment {unknown}
 k - 2 scrolls of identify
 m - a scroll of poison {unknown}
 n - a scroll of magic mapping {unknown}
Potions
 c - a potion of curing
 d - 2 potions of heal wounds
 f - 2 potions of magic
 g - a potion of berserk rage
 l - 2 potions of flight
 o - 5 potions of mutation
 q - a potion of might
Miscellaneous
 s - a piece from Xom's chessboard (15/15)


   Skills:
 + Level 17.3 Fighting
 + Level 20.1 Axes
 + Level 8.4 Armour
 + Level 10.6 Dodging
 + Level 5.0 Stealth
 + Level 1.9 Evocations


You had 9 spell levels left.
You didn't know any spells.
Your spell library was empty.

Dungeon Overview and Level Annotations

Branches:
Dungeon (1/1)

Altars:
Cheibriados
Dithmenos
Elyvilon
Fedhas
Gozag
Hepliaklqana
Kikubaaqudgha
Makhleb
Nemelex Xobeh
Okawaru
Qazlal
Ru
Sif Muna
Trog
Uskayaw
Vehumet
Wu Jian
Xom
Yredelemnul
Zin
The Shining One
Beogh
Jiyva
Lugonu

Shops:
D =

Annotations:
D Dowan


Innate Abilities, Weirdness & Mutations

You have a pair of horns on your head.
You reflexively headbutt those who attack you in melee.


Message History

You slash Duvessa!
Duvessa is severely wounded.
You slash Dowan!
Duvessa hits you with a +2 great sword of freezing!
Duvessa freezes you. Dowan barely misses you.
Unknown command.
You cut Duvessa into ribbons!!!
You kill Duvessa!
Trog accepts your kill.
Dowan screams, "No!
Oh no!"
Dowan seems to find hidden reserves of power!
You hit Dowan.
Your Axes skill increases to level 20!
You slice Dowan!!
Dowan is severely wounded.
Dowan hits you with a +1 morningstar of distortion!
You slice Dowan!! Your headbutt misses Dowan.
Dowan is almost dead.
Dowan hits you with a +1 morningstar of distortion!
Space warps horribly around you!
You miss Dowan.
Dowan is almost dead.
Dowan hits you with a +1 morningstar of distortion!
* * * LOW HITPOINT WARNING * * *
Space warps around you.
* * * LOW HITPOINT WARNING * * *
You miss Dowan. Your headbutt misses Dowan.
Dowan is almost dead.
You hit Dowan.
Dowan is almost dead.
Dowan hits you with a +1 morningstar of distortion!
* * * LOW HITPOINT WARNING * * *
Space warps horribly around you!
* * * LOW HITPOINT WARNING * * *
You closely miss Dowan. Your headbutt misses Dowan.
Dowan is almost dead.
Dowan hits you with a +1 morningstar of distortion!
* * * LOW HITPOINT WARNING * * *
Space warps horribly around you!!
You die...

#.#≈§§#.#.#.).##.#.#.##
'.#.§§#.#.#.).#.#.#.#.#
#.#...#...#)..##.#.#.##
▓▓▓▓▓▓▓▓▓▓▓▓▓▓#.#.#.#.#
........≈≈≈...##.#.#.##
≈≈≈≈≈≈≈≈≈≈♣♣P.'.#.#.#.#
♣♣♣♣♣♣♣♣♣♣♣♣PP##.#.#.##
♣♣♣##'##### #.@.+ #e).#
#...# #####


You could see Dowan (fast).

Vanquished Creatures
  Snorg (D)
  A centaur warrior (D)
  A deep elf knight (D)
  5 deep elf pyromancers (D)
  Duvessa (D)
  An unseen horror (D)
  A shadow (D)
  A spatial vortex (D)
  6 orc warriors (D)
  2 centaurs (D)
  An earth elemental (D)
  3 wandering mushrooms (D)
  A water elemental (D)
  A necrophage (D)
  A scorpion (D)
  A jelly (D)
  An orc priest (D)
  A wizard (D)
  2 orc wizards (D)
  A necromancer (D)
  3 humans (D)
  A kobold demonologist (D)
  9 orcs (D)
  4 rats (D)
50 creatures vanquished.

Notes
Turn   | Place    | Note
-------+----------+-------------------------------------------
     0 | D        | mhtbhm the Minotaur Berserker began the quest for the Orb.
     0 | D        | Reached XP level 1. HP: 19/19 MP: 0/0
     5 | D        | Reached skill level 4 in Axes
    13 | D        | Reached ** piety under Trog
    29 | D        | Noticed a scorpion
    36 | D        | Killed a scorpion
    37 | D        | Reached skill level 6 in Axes
    37 | D        | Reached XP level 2. HP: 31/31 MP: 1/1
    37 | D        | Reached XP level 3. HP: 38/38 MP: 2/2
    41 | D        | Reached skill level 7 in Axes
    41 | D        | Reached XP level 4. HP: 45/45 MP: 3/3
   116 | D        | Noticed a water elemental
   119 | D        | Killed a water elemental
   120 | D        | Reached skill level 8 in Axes
   120 | D        | Reached skill level 1 in Stealth
   120 | D        | Reached XP level 5. HP: 53/53 MP: 4/4
   222 | D        | Found a basalt altar of Yredelemnul.
   222 | D        | Found a shadowy altar of Dithmenos.
   222 | D        | Found a sacrificial altar of Ru.
   227 | D        | Reached *** piety under Trog
   228 | D        | Reached skill level 9 in Axes
   228 | D        | Reached skill level 5 in Armour
   430 | D        | Found a radiant altar of Vehumet.
   430 | D        | Found a shimmering blue altar of Sif Muna.
   430 | D        | Found an ancient bone altar of Kikubaaqudgha.
   434 | D        | Reached **** piety under Trog
   435 | D        | Reached skill level 10 in Axes
   457 | D        | Found a hide-covered altar of Uskayaw.
   457 | D        | Found an iron altar of Okawaru.
   457 | D        | Found a bloodstained altar of Trog.
   457 | D        | Found an ornate altar of the Wu Jian Council.
   457 | D        | Noticed a human
   457 | D        | Noticed a human
   458 | D        | Found a glowing silver altar of Zin.
   458 | D        | Found a glowing golden altar of the Shining One.
   458 | D        | Found a white marble altar of Elyvilon.
   458 | D        | Noticed a deep elf pyromancer
   468 | D        | Killed a human
   469 | D        | Reached skill level 10 in Fighting
   469 | D        | Reached skill level 11 in Axes
   469 | D        | Reached skill level 5 in Dodging
   469 | D        | Reached XP level 6. HP: 48/67 MP: 5/5
   470 | D        | Killed a deep elf pyromancer
   470 | D        | Reached ***** piety under Trog
   471 | D        | Reached skill level 13 in Axes
   471 | D        | Reached XP level 7. HP: 56/77 MP: 6/6
   473 | D        | Killed a human
   676 | D        | Reached XP level 8. HP: 68/85 MP: 7/7
   754 | D        | Received a gift from Trog
   755 | D        | Reached skill level 14 in Axes
   805 | D        | Found a blossoming altar of Fedhas.
   805 | D        | Found a stormy altar of Qazlal.
   805 | D        | Found a snail-covered altar of Cheibriados.
   805 | D        | Found a burning altar of Makhleb.
   805 | D        | Found a shimmering altar of Xom.
   806 | D        | Found a hazy altar of Hepliaklqana.
   806 | D        | Found an opulent altar of Gozag.
   806 | D        | Found a sparkling altar of Nemelex Xobeh.
   806 | D        | Found a corrupted altar of Lugonu.
   806 | D        | Found a viscous altar of Jiyva.
   915 | D        | Noticed Snorg
   970 | D        | Killed Snorg
   971 | D        | Reached skill level 15 in Axes
  1154 | D        | Reached XP level 9. HP: 93/95 MP: 8/8
  1166 | D        | Noticed a centaur warrior
  1171 | D        | Killed a centaur warrior
  1172 | D        | Reached skill level 16 in Axes
  1172 | D        | Reached skill level 1 in Evocations
  1174 | D        | Reached skill level 15 in Fighting
  1386 | D        | Killed an unseen horror
  1387 | D        | Reached skill level 17 in Axes
  1397 | D        | Noticed a wandering mushroom
  1401 | D        | Noticed a wandering mushroom
  1403 | D        | Noticed a wandering mushroom
  1949 | D        | Found Toguasul's Jewellery Emporium.
  1952 | D        | Received a gift from Trog
  1957 | D        | Reached ****** piety under Trog
  1958 | D        | Received a gift from Trog
  1963 | D        | Received a gift from Trog
  1967 | D        | Reached XP level 10. HP: 107/107 MP: 9/9
  2082 | D        | Noticed a deep elf pyromancer
  2082 | D        | Noticed a deep elf pyromancer
  2082 | D        | Noticed a deep elf pyromancer
  2082 | D        | Noticed a deep elf knight
  2082 | D        | Noticed a deep elf pyromancer
  2091 | D        | Killed a deep elf pyromancer
  2092 | D        | Reached skill level 18 in Axes
  2094 | D        | Noticed a deep elf demonologist
  2095 | D        | Killed a deep elf pyromancer
  2095 | D        | Received a gift from Trog
  2096 | D        | Reached skill level 10 in Dodging
  2096 | D        | Noticed a deep elf demonologist
  2098 | D        | Killed a deep elf pyromancer
  2098 | D        | Killed a deep elf knight
  2099 | D        | Reached skill level 19 in Axes
  2101 | D        | Killed a deep elf pyromancer
  2102 | D        | Reached skill level 5 in Stealth
  2233 | D        | Noticed Dowan
  2233 | D        | Noticed Duvessa
  2241 | D        | Killed Duvessa
  2242 | D        | Reached skill level 20 in Axes
  2247 | D        | Slain by Dowan

Illustrated notes

Levels and vault maps discovered:
D:        dungeon_sprint_mu [sprint_mu_entry_forest, sprint_mu_temple_rooms,
          sprint_mu_d1_horrors, sprint_mu_d2_genie, sprint_mu_d3_branching,
          sprint_mu_orc_legion, sprint_mu_elf_gauntlet, sprint_mu_hive_nellie,
          sprint_mu_lair_fedhas, sprint_mu_vaults_butterflies,
          sprint_mu_slime_circle, sprint_mu_shoals_kraken,
          sprint_mu_snake_twists, sprint_mu_blade_basic,
          sprint_mu_crypt_chambers, sprint_mu_tomb_spiral,
          sprint_mu_vestibule_basic, sprint_mu_gehenna_hellfire,
          sprint_mu_dis_giant, sprint_mu_tartarus_statrot,
          sprint_mu_cocytus_islands, sprint_mu_zot1]

Skill      XL: |  1  2  3  4  5  6  7  8  9 10 |
---------------+-------------------------------+-----
Fighting       | 6 7 10 12 14 15 17 | 17.3
Axes           | 6 7 8 11 13 15 17 20 | 20.1
Armour         | 3 4 5 6 7 8 |  8.4
Dodging        | 3 5 6 7 8 9 10 | 10.6
Stealth        | 1 2 3 4 5 |  5.0
Evocations     | 1 |  1.9

Action                   |  1- 3 |  4- 6 |  7- 9 | 10-12 || total
-------------------------+-------+-------+-------+-------++-------
Melee: Hand axe          |    10 |    30 |    10 |       ||    50
       Headbutt          |     2 |     4 |    11 |     4 ||    21
       Battleaxe         |       |       |    48 |    22 ||    70
Invok: Berserk           |     1 |     2 |     2 |     2 ||     7
Evoke: Wand              |       |       |     2 |       ||     2
       Piece from Xom's  |       |       |     1 |       ||     1
  Use: Potion            |       |     1 |     1 |       ||     2
 Stab: Sleeping          |     1 |       |       |       ||     1
Armor: Animal skin       |       |     1 |    13 |       ||    14
Dodge: Dodged            |     5 |    12 |    39 |     5 ||    61

Table legend: (Time is in decaauts)
 A = Elapsed time spent in this place.
 B = Non-inter-level travel time spent in this place.
 C = Inter-level travel time spent in this place.
 D = Time resting spent in this place.
 E = Time spent auto-exploring this place.
 F = Levels seen in this place.
 G = Mean time per level.
                   A        B        C        D        E       F      G
               +--------+--------+--------+--------+--------+-----+--------+
         Total |   2258 |   2258 |      0 |   1580 |     47 |   1 | 2258.0 |
       Dungeon |   2258 |   2258 |      0 |   1580 |     47 |   1 | 2258.0 |
               +--------+--------+--------+--------+--------+-----+--------+

Top non-repeatable levels by time:
       D: 2258 daAuts
